General information
- name: BNet
- type: Ladder 1vs1/FFA
- host: Battle.net
- saver: BEAR_AND
map: Wetlands
- players: 2
- length: 32:17
- speed: Fast
- version: 1.26 W3XP
- replay type:

» download(129 KB)
Players
team 1 (winner)
BEAR_AND (
red | 176 APM | 5689 actions | 32:17)
4 Archmage
2 Blizzard
2 Brilliance Aura
3 Mountain King
2 Storm Bolt
1 Bash
3 Paladin
2 Holy Light
1 Divine Shield
» actions
| Assign group hotkey | 14 | |
| Basic commands | 5 | |
| Build / train | 117 | |
| Enter build submenu | 37 | |
| Enter hero's abilities submenu | 13 | |
| Give item / drop item | 2 | |
| Remove unit from queue | 9 | |
| Right click | 3593 | |
| Select / deselect | 901 | |
| Select group hotkey | 638 | |
| Use ability | 360 | |
5689 total
» units
| Peasant | 10 | |
| Priest | 1 | |
| Sorceress | 1 | |
| Dragonhawk Rider | 4 | |
| Gryphon Rider | 3 | |
19 total
» upgrades
| Masonry | 3 | |
| Lumber Harvesting | 1 | |
| Magic Sentry | 1 | |
| Sorceress Training | 1 | |
| Priest Training | 1 | |
| Cloud | 1 | |
| Swords | 2 | |
| Animal War Training | 1 | |
| Storm Hammers | 1 | |
12 total
» buildings
| Altar of Kings | 1 | |
| Farm | 8 | |
| Lumber Mill | 1 | |
| Arcane Vault | 1 | |
| Scout Tower | 26 | |
| Arcane Tower | 4 | |
| Guard Tower | 28 | |
| Keep | 3 | |
| Arcane Sanctum | 1 | |
| Castle | 1 | |
| Gryphon Aviary | 1 | |
| Blacksmith | 1 | |
| Barracks | 1 | |
| Town Hall | 1 | |
78 total
» build order
00:09 Altar of Kings
00:34 Farm
00:42 Lumber Mill
01:10 Arcane Vault
01:14 Scout Tower
01:24 Scout Tower
01:53 Arcane Tower
02:04 Scout Tower
02:24 Guard Tower
02:26 Scout Tower
02:38 Guard Tower
02:43 Farm
02:58 Scout Tower
02:59 Scout Tower
03:02 Guard Tower
03:02 Guard Tower
03:03 Scout Tower
03:26 Guard Tower
03:30 Scout Tower
03:30 Scout Tower
03:54 Guard Tower
04:14 Keep
04:15 Keep
04:15 Keep
04:21 Guard Tower
04:26 Farm
04:49 Guard Tower
04:50 Scout Tower
04:51 Scout Tower
04:52 Scout Tower
04:52 Scout Tower
04:52 Scout Tower
04:56 Farm
04:57 Farm
05:19 Guard Tower
05:54 Guard Tower
06:51 Guard Tower
06:51 Guard Tower
06:52 Guard Tower
07:04 Guard Tower
07:05 Scout Tower
07:07 Scout Tower
07:07 Scout Tower
07:13 Arcane Sanctum
07:35 Guard Tower
08:06 Guard Tower
09:04 Castle
09:08 Guard Tower
09:12 Scout Tower
09:14 Scout Tower
09:14 Scout Tower
09:15 Scout Tower
10:23 Guard Tower
11:12 Guard Tower
11:12 Guard Tower
11:14 Gryphon Aviary
12:34 Scout Tower
12:34 Scout Tower
12:34 Scout Tower
13:29 Farm
13:29 Farm
13:42 Arcane Tower
13:42 Arcane Tower
14:20 Arcane Tower
14:38 Farm
15:43 Scout Tower
16:37 Guard Tower
16:38 Scout Tower
16:46 Blacksmith
16:48 Barracks
17:07 Guard Tower
31:49 Town Hall
» items
| Scroll of Regeneration | 3 | |
| Boots of Speed | 1 | |
| Staff of Teleportation | 1 | |
| Potion of Healing | 1 | |
| Lesser Clarity Potion | 9 | |
| Staff of Sanctuary | 4 | |
19 total
team 2 (loser)
thegrimreefer (
pink | 62 APM | 2005 actions | 32:16)
4 Death Knight
2 Death Coil
1 Unholy Aura
1 Death Pact
1 Lich
1 Frost Nova
1 Dreadlord
1 Sleep
» actions
| Assign group hotkey | 6 | |
| Basic commands | 22 | |
| Build / train | 95 | |
| Enter build submenu | 23 | |
| Enter hero's abilities submenu | 6 | |
| Remove unit from queue | 2 | |
| Right click | 1324 | |
| Select / deselect | 426 | |
| Select group hotkey | 34 | |
| Use ability | 67 | |
2005 total
» units
| Acolyte | 27 | |
| Ghoul | 16 | |
| Crypt Fiend | 9 | |
| Gargoyle | 4 | |
| Meatwagon | 6 | |
| Abomination | 3 | |
| Obsidian Statue | 2 | |
67 total
» upgrades
| Unholy Strength | 1 | |
| Cannibalize | 1 | |
| Unholy Armor | 1 | |
| Web | 1 | |
| Burrow | 1 | |
| Disease Cloud | 1 | |
| Exhume Corpses | 1 | |
| Necromancer Training | 1 | |
8 total
» buildings
| Altar of Darkness | 1 | |
| Ziggurat | 12 | |
| Crypt | 2 | |
| Graveyard | 1 | |
| Nerubian Tower | 3 | |
| Halls of the Dead | 1 | |
| Spirit Tower | 2 | |
| Slaughterhouse | 2 | |
| Temple of the Damned | 2 | |
| Black Citadel | 1 | |
| Tomb of Relics | 1 | |
28 total
» build order
00:13 Altar of Darkness
00:18 Ziggurat
00:56 Crypt
01:25 Crypt
01:32 Ziggurat
01:36 Ziggurat
01:47 Graveyard
02:54 Nerubian Tower
03:10 Ziggurat
04:35 Ziggurat
04:37 Ziggurat
06:58 Halls of the Dead
09:02 Ziggurat
09:04 Ziggurat
09:05 Ziggurat
10:13 Nerubian Tower
10:15 Spirit Tower
10:36 Slaughterhouse
10:39 Temple of the Damned
12:07 Black Citadel
14:10 Spirit Tower
14:31 Tomb of Relics
15:59 Slaughterhouse
16:45 Ziggurat
16:47 Ziggurat
16:48 Ziggurat
17:52 Nerubian Tower
20:30 Temple of the Damned
» items
Chat log
(28:02 / All) BEAR_AND: GG
(31:23 / All) BEAR_AND: gg shithead
(31:35 / All) thegrimreefer: lol ur gay man
(31:38 / All) BEAR_AND: owned
(31:42 / All) BEAR_AND: http://highper.ch/
(32:04 / All) thegrimreefer: ut just lucky i bult close
(32:12 / All) BEAR_AND: i'm lucky you're terrible garbage